← All builds
Air / Cortex / Economy first / OBSERVED BUILD

Standard air

Cortex Air build order · Supreme Isthmus

Economy-first air build: Aircraft Plant then Advanced Metal Extractor and Fusion Reactor, making transports and scouts for allies while transitioning into fighters and occasional bombers over the whole game.

Usually transports first (78%)

#eco #air #team support · 1508 distinct matches · 252 players · 81% of Cortex Air games · team won 46% of 1813 · Recently observed

HOW TO PLAY IT

Key timing: Aircraft Plant by 1:24

  1. Open 3 mex and wind, then drop Aircraft Plant early.
  2. Finish Aircraft Plant and start fighters for scouting and defense.
  3. Eat the Aircraft Plant once production needs outgrow it.
  4. Get Advanced Metal Extractor up to scale eco.
  5. Bring Fusion Reactor online and keep feeding transports, scouts, fighters to allies.

Phase by phase

TYPICAL OF ITS 1508 GAMES
  1. 1
  2. 2
  3. 3
PLAY THE OPENING

Follow the example game's first 6:00 step by step: what to build now, what comes next, and where it goes. At 1× it keeps pace with your own game.

  1. 1

    Up to the Aircraft Plant

    Economy
    • Metal Extractor3Mex
    • Wind Turbine4Wind
    Order
    1. Aircraft PlantAircraft Plant after 3 mex, 4 winddone ~1:26, middle half 1:14–1:35

    Some games also: energy storage (38%)

    By 1:07 in all: 3 mex · 4 wind

    The example game in this phase · 5 steps
    1. Mex ×3
    2. Wind ×4
    3. Energy storage
    4. Wind
    5. Aircraft PlantAircraft Plantdone 1:34 · typical 1:26
  2. 2

    Aircraft Plant to 5:00

    Economy
    • Metal Extractor1Mex
    • Wind Turbine9Wind
    • Wind Turbine3Wind
    Builders
    • Construction Turret2 Con turret
    • Construction Aircraft1 Con aircraft
    Army
    • Valiant5 Valiant
    • Hercules2 Light transport for allies
    • Finch2 Finch for allies
    • Finch1 Finch
    • Hephaestus1 Heavy transport for allies

    Some games also: shuriken (49%) · energy storage (45%) · converter (44%) · light transport (40%)

    By 5:00 in all: 3 mex · 1 mex · 13 wind · 3 wind · 1 energy storage · 2 con turret

    The example game in this phase · 38 steps
    1. FinchFinch
    2. ValiantValiantfor Beach sea
    3. Wind ×2
    4. Construction AircraftCon aircraft
    5. ValiantValiant ×2
    6. Con turret
    7. ValiantValiant
    8. Wind ×3
    9. ShurikenShuriken
    10. Wind
    11. Mex
    12. Wind
    13. ShurikenShuriken
    14. Wind ×2
    15. HerculesLight transportfor Tech
    16. Wind ×2
    17. Energy storage
    18. ShurikenShuriken
    19. Wind
    20. Wind ×2
    21. ValiantValiant
    22. Wind
    23. Wind
    24. Converter
    25. Wind ×2
    26. ValiantValiant
    27. Converter
    28. Wind
    29. Wind
    30. Converter
    31. Wind
    32. ValiantValiant
    33. Converter
    34. Wind
    35. ValiantValiant
    36. Wind
    37. Converter
    38. Wind
  3. 3

    5:00 to 10:00

    Economy
    • Wind Turbine21Wind
    • Wind Turbine5Wind
    • Energy Converter6Converter
    Order
    1. Aircraft PlantEat Aircraft Plant
    2. Aircraft PlantAircraft Plant after 19 wind, 18 wind, 7 converterin 58% of games
    Builders
    • Construction Turret3 Con turret
    Army
    • Valiant9 Valiant

    Some games also: shuriken (47%) · fusion (38%) · con aircraft (35%) · light transport (31%)

    By 10:00 in all: 3 mex · 1 mex · 25 wind · 20 wind · 8 converter · 1 energy storage

    The example game in this phase · 189 steps
    1. Converter
    2. Construction AircraftCon aircraft
    3. Converter
    4. Wind
    5. Converter
    6. Wind
    7. ValiantValiant
    8. Con turret
    9. Converter
    10. Wind
    11. Wind
    12. ValiantValiant
    13. Wind ×2
    14. Wind
    15. Con turret
    16. Wind ×2
    17. ValiantValiant
    18. Wind
    19. Wind
    20. Wind
    21. ValiantValiant
    22. Wind ×2
    23. ValiantValiant
    24. Wind
    25. ValiantValiant
    26. Wind
    27. Wind
    28. Advanced Metal ExtractorT2 mexdone 7:10 · typical 6:54
    29. Wind
    30. ValiantValiant
    31. Con turret
    32. Aircraft PlantEat Aircraft Plantreclaimed for its metal
    33. Wind
    34. Wind
    35. Wind
    36. Wind
    37. Advanced Metal ExtractorT2 mex
    38. Wind
    39. Wind
    40. Advanced Metal ExtractorT2 mex
    41. Wind ×3
    42. Bot LabBot Labdone 8:02
    43. Wind ×3
    44. Construction BotCon bot
    45. Wind
    46. Construction BotCon bot
    47. Advanced Metal ExtractorT2 mex
    48. Wind
    49. Construction BotCon bot
    50. Wind
    51. Construction BotCon bot
    52. Wind
    53. Wind
    54. Construction BotCon bot
    55. Wind ×2
    56. Construction BotCon bot
    57. Con turret
    58. Wind ×2
    59. Construction BotCon bot
    60. Wind ×2
    61. Construction BotCon bot
    62. Wind ×2
    63. Con turret
    64. Wind
    65. Construction BotCon bot
    66. Wind ×2
    67. Wind ×2
    68. Construction BotCon bot
    69. Wind ×2
    70. Wind ×2
    71. Construction BotCon bot
    72. Wind ×2
    73. Aircraft PlantAircraft Plantdone 9:17
    74. Wind ×2
    75. Bot LabEat Bot Labreclaimed for its metal
    76. ValiantValiant
    77. Wind ×2
    78. Wind
    79. Wind
    80. ShurikenShuriken
    81. Wind ×2
    82. Wind
    83. ShurikenShuriken
    84. Wind
    85. ShurikenShuriken
    86. Wind
    87. Wind
    88. ShurikenShuriken
    89. Wind ×2
    90. Wind ×4
    91. ValiantValiant
    92. Wind
    93. Wind
    94. HerculesLight transport
    95. Wind
    96. ValiantValiant
    97. Wind ×4
    98. Wind
    99. Wind
    100. ValiantValiant
    101. Wind
    102. Construction AircraftCon aircraft
    103. Wind ×2
    104. Wind ×6
    105. Construction AircraftCon aircraft
    106. Wind ×2
    107. Wind ×3
    108. ValiantValiant
    109. Wind
    110. Wind
    111. Wind
    112. Con turret
    113. Converter
    114. ValiantValiant
    115. Wind ×2
    116. Con turret
    117. Wind
    118. Wind ×4
    119. Wind
    120. Converter
    121. Wind ×2
    122. ValiantValiant
    123. Wind ×2
    124. Con turret
    125. Wind
    126. Converter
    127. Wind ×6
    128. Construction AircraftCon aircraft
    129. Wind ×2
    130. Converter
    131. ValiantValiant
    132. Wind
    133. Wind
    134. Wind ×3
    135. ValiantValiant
    136. Converter
    137. Wind
    138. Wind
    139. Converter
    140. ValiantValiant
    141. Wind
    142. Wind ×4
    143. ValiantValiant
    144. Wind
    145. Wind
    146. Converter
    147. ValiantValiant
    148. Wind
    149. Converter ×2
    150. Wind
    151. ValiantValiant
    152. Wind
    153. Wind ×4
    154. Aircraft PlantEat Aircraft Plantreclaimed for its metal
    155. Wind
    156. Converter
    157. Metal storage
    158. Wind
    159. Energy storage
    160. Converter ×2
    161. Wind ×5
    162. Converter
    163. Wind
    164. Wind
    165. Advanced Aircraft PlantAdvanced Aircraft Plantnot finished by 15:00
    166. Converter ×3
    167. Wind
    168. Wind ×5
    169. Converter ×2
    170. Wind ×4
    171. Converter
    172. Wind
    173. Converter
    174. Wind
    175. Converter
    176. Wind ×2
    177. Converter
    178. Wind ×3
    179. Converter
    180. Wind
    181. Wind ×2
    182. Converter
    183. Wind ×3
    184. Converter ×2
    185. Wind
    186. Converter
    187. Wind
    188. Converter
    189. Wind ×3

Counts are medians over the build's games: half of them build more, half fewer. The example game is Spongeb0b's (31 OS, 23/08/2026); pick another.

Team trades

IN AT LEAST 30% OF ITS GAMES

You hand over

  • Finch2 Finch to Geo sea or Beach seafirst at 1:50 · in 96% of games
  • Hercules3 Light transport to Tech or Geo sea or Beach seafirst at 2:06 · in 99% of games
  • Hephaestus1 Heavy transport to Beach sea or Pond or Techfirst at 2:23 · in 71% of games

You get

  • Wind Turbine3 Wind from Beach sea or Geo seafirst at 1:37 · in 64% of games
  • Wind Turbine3 Wind from Beach sea or Geo sea or Pondfirst at 1:42 · in 46% of games
  • Construction Bot1 Con bot from Techfirst at 2:22 · in 88% of games
  • Advanced Construction Bot1 T2 con bot from Techfirst at 6:05 · in 96% of games

How it plays out

Typical game of this build, running totals by minute

Metal produced

010k20k30k
0:005:0010:0015:00

metal

Enemy metal destroyed

01k2k
0:005:0010:0015:00

metal

Own metal lost

01k2k3k
0:005:0010:0015:00

metal

1813 games.

Show as table
ByMetal produced: This buildEnemy metal destroyed: This buildOwn metal lost: This build
1:0039200
2:0092300
3:00145600
4:002052051
5:0027635173
6:003711102124
7:005089146167
8:006903190219
9:009285230270
10:0011761292379
11:0014370369533
12:0017069512781
13:00198597811101
14:002270412631689
15:002573618082409
WHAT THE NUMBERS SAY

Standard air play wins less than half its games, with very low combat losses and kills since the role mostly supports rather than fights.

  • + Own metal lost stays very low, only 2701 by 15:00.
  • + Metal production reaches 25740 by 15:00, a strong support economy.
  • − Team wins under half of games (47%).
  • − Enemy metal destroyed stays low at 2097 by 15:00, showing little direct impact.
THE EXAMPLE YOU ARE READING

Spongeb0b

30.7 OS · 23/08/2026

Open source match ↗

3 received units · includes a constructor
163 metal received · 34593 energy received

Allied construction assistance is unknown. Timings are observations, not a promise of solo reproducibility.

Typical milestones

Aircraft Plant1:26Middle 50%: 1:14–1:35 · n=1813
Advanced Metal Extractor6:54Middle 50%: 6:27–7:26 · n=1753
Fusion Reactor10:52Middle 50%: 9:46–12:17 · n=1160

Played most by

TheGeneraI114games of this buildDad_The_Speedrunner72games of this buildHunfore62games of this buildDRM52games of this buildMilkdragon52games of this build